AoeStats
← 牛欢喜

African Clearing

505486545Analyzed
4v4 RM · 23d ago on Sep 9, 2026· 60m 16s· 8 players
Game mode
Random Map
Map size
Large (8 player)
Population
200
Speed
Normal
Resources
Standard
Victory
Conquest
Starting age
Dark Age
Ending age
Imperial Age
RankedLock teamsTeams togetherTeam positionsShared explorationLock speedFull tech treeHidden civsTurbo modeCheats
Victory
Defeat
🇧🇷 Tupi · Brazil
1798
+8
🇧🇷 Mapuche · Brazil
1706
+11
🇧🇷 Mongols · Brazil
1577
+16
🇧🇷 Huns · Brazil
1454
+22
🇲🇽 Koreans · Mexico
1650
-17
🇩🇪 Magyars · Germany
1582
-14
🇨🇳 Turks · China
1578
-14
🇨🇳 Berbers · China
1547
-12
eL|Hooligan
6:17 Loom
13:39 Feudal Age
19:18 Castle Age
23:05 Double-Bit Axe
23:11 Fletching
30:31 Ballistics
30:56 Town Watch
31:22 Bodkin Arrow
33:48 Husbandry
40:57 Stone Mining
40:58 Gold Mining
40:49 Horse Collar
42:38 Scale Barding Armor
43:11 Wheelbarrow
42:47 Bow Saw
50:08 Imperial Age
49:04 Eupseong
49:12 Heavy Plow
50:26 Gold Shaft Mining
50:28 Stone Shaft Mining
50:32 Hand Cart
50:01 Treadmill Crane
52:38 Siege Engineers
53:01 Conscription
52:55 Masonry
52:30 Heavy Rocket Cart
53:51 Murder Holes
53:29 Light Cavalry
54:23 Forging
53:50 Pikeman
54:32 Scale Mail Armor
牛欢喜
12:57 Feudal Age
13:07 Loom
18:15 Castle Age
16:59 Fletching
32:19 Horse Collar
36:41 Double-Bit Axe
37:22 Town Watch
39:37 Bodkin Arrow
41:29 Wheelbarrow
41:18 Ballistics
48:12 Imperial Age
48:09 Heavy Plow
49:27 Bracer
51:16 Chemistry
50:19 Padded Archer Armor
51:34 Bow Saw
52:27 Bloodlines
52:19 Husbandry
52:01 Elite Camel Archer
53:01 Leather Archer Armor
56:21 Conscription
57:55 Hand Cart
咸酸菜
11:20 Loom
13:39 Feudal Age
17:37 Castle Age
15:38 Double-Bit Axe
16:20 Fletching
17:16 Horse Collar
18:21 Bloodlines
19:24 Bodkin Arrow
20:13 Padded Archer Armor
26:34 Ballistics
28:46 Bow Saw
34:08 Gold Mining
35:55 Wheelbarrow
35:06 Town Watch
39:21 Imperial Age
37:26 Thumb Ring
38:44 Sipahi
39:15 Leather Archer Armor
39:01 Heavy Plow
39:35 Hand Cart
39:31 Stone Mining
40:16 Gold Shaft Mining
40:11 Bracer
40:42 Ring Archer Armor
40:32 Heavy Cavalry Archer
42:05 Parthian Tactics
42:26 Scale Barding Armor
42:32 Forging
42:33 Husbandry
44:12 Coinage
45:36 Banking
45:21 Guilds
47:30 Chain Barding Armor
47:45 Iron Casting
50:29 Plate Barding Armor
50:54 Blast Furnace
52:22 Capped Ram
54:08 Siege Ram
59:13 Heavy Camel Rider
Mewes96
10:39 Loom
12:37 Feudal Age
13:38 Double-Bit Axe
14:03 Town Watch
15:43 Bloodlines
19:17 Scale Barding Armor
19:13 Fletching
22:42 Loom
48:08 Wheelbarrow
52:11 Castle Age
50:38 Horse Collar
50:51 Gold Mining
52:47 Bodkin Arrow
52:55 Padded Archer Armor
53:44 Bow Saw
54:01 Heavy Plow
Fs.7mendes
6:06 Loom
12:09 Feudal Age
14:39 Forging
15:44 Horse Collar
19:23 Scale Barding Armor
25:03 Castle Age
25:43 Wheelbarrow
26:04 Double-Bit Axe
26:14 Fletching
28:21 Bodkin Arrow
30:53 Ballistics
33:53 Bloodlines
34:48 Padded Archer Armor
42:26 Imperial Age
42:06 Hand Cart
41:55 Gold Mining
44:35 Chemistry
44:21 Bracer
45:57 Leather Archer Armor
49:18 Elite Skirmisher
50:04 Thumb Ring
53:08 Parthian Tactics
Fs.Cavalo
9:06 Loom
11:27 Feudal Age
12:32 Double-Bit Axe
17:36 Padded Archer Armor
18:00 Fletching
18:11 Padded Archer Armor
21:41 Padded Archer Armor
26:47 Castle Age
39:59 Stone Mining
47:56 Bow Saw
49:48 Wheelbarrow
49:30 Town Watch
49:38 Gold Mining
53:07 Imperial Age
51:57 Gold Shaft Mining
51:50 Hand Cart
52:01 Town Patrol
52:37 Scale Barding Armor
52:43 Forging
52:52 Bloodlines
52:43 Husbandry
53:55 Bodkin Arrow
54:08 Cavalier
56:31 Chain Barding Armor
56:46 Iron Casting
58:23 Plate Barding Armor
58:42 Conscription
60:52 Blast Furnace
59:40 Paladin
Fs.FASTURTLE
6:24 Loom
12:09 Feudal Age
12:13 Champi Runner
14:36 Double-Bit Axe
15:58 Fletching
21:58 Castle Age
22:57 Bodkin Arrow
23:31 Horse Collar
28:56 Ballistics
33:49 Wheelbarrow
38:35 Imperial Age
36:31 Elite Skirmisher
40:21 Bracer
46:18 Hand Cart
46:19 Bow Saw
46:30 Padded Archer Armor
48:04 Leather Archer Armor
49:15 Chemistry
49:41 Ring Archer Armor
49:24 Pikeman
50:57 Halberdier
51:49 Squires
53:16 Scale Mail Armor
54:32 Forging
56:46 Chain Mail Armor
57:53 Iron Casting
Oni.Nego
11:40 Loom
13:26 Feudal Age
18:04 Castle Age
17:21 Double-Bit Axe
18:17 Fletching
22:19 Bodkin Arrow
30:57 Padded Archer Armor
33:37 Ballistics
33:56 Horse Collar
34:55 Bow Saw
36:59 Gold Mining
41:09 Heavy Plow
42:15 Wheelbarrow
46:38 Imperial Age
46:27 Malon
47:34 Butalmapu
47:49 Conscription
46:54 Elite Bolas Rider
47:53 Leather Archer Armor
49:30 Chemistry
48:11 Treadmill Crane
49:17 Hand Cart
48:52 Town Watch
50:20 Ring Archer Armor
50:01 Forging
52:14 Hoardings
51:53 Masonry
51:51 Siege Engineers
51:27 Treadmill Crane
52:39 Elite Kona
54:47 Forging
55:28 Crop Rotation
55:33 Gold Shaft Mining
54:49 Stone Mining
54:19 Pikeman
56:29 Iron Casting
56:20 Masonry
59:34 Blast Furnace
58:46 Halberdier
58:46 Elite Skirmisher
59:58 Coinage
Connection lost

Rejoining the realm…

Still unreachable

The connection could not be restored.

Session expired

The server has moved on; the page needs a fresh start.